 Dungeon Crawl Stone Soup version 0.30-a0-743-gbfdf073431 (webtiles) character file.

Game seed: 16800410749115313292

42 mopl the Sneak (level 3, -4/18 HPs)
             Began as a Vine Stalker Brigand on Feb 7, 2023.
             Slain by Jessica
             ... wielding a +0 club
              (5 damage)
             ... on level 2 of the Dungeon.
             The game lasted 00:01:39 (1221 turns).

mopl the Sneak (Vine Stalker Brigand)               Turns: 1221, Time: 00:01:40

Health: -4/18      AC:  5    Str: 13    XL:     3   Next: 54%
Magic:  0/4        EV: 11    Int: 11    God:
Gold:   155        SH:  0    Dex: 17    Spells: 2/2 levels left

rFire   . . .      SeeInvis .    a - +2 dagger
rCold   . . .      Faith    .    (no shield)
rNeg    . . .      Spirit   +    b - +0 robe
rPois   .          Reflect  .    x - +0 helmet
rElec   .          Harm     .    c - +0 cloak
rCorr   +          Rampage  .    (no gloves)
Will    .....                    p - +0 pair of boots
Stlth   +++                      h - amulet of regeneration
HPRegen 1.03/turn                o - ring of resist corrosion
MPRegen 0.09/turn                (no ring)

@: slowed, very slow
A: fangs 2, magic shield, antimagic bite, no potion heal 2
a: no special abilities


You were on level 2 of the Dungeon.
You visited 1 branch of the dungeon, and saw 2 of its levels.

You collected 155 gold pieces.

Inventory:

Hand Weapons
 a - a +2 dagger (weapon)
 v - a +0 short sword of freezing
Missiles
 d - 14 poisoned darts (quivered)
 e - 3 curare-tipped darts
 r - 6 javelins
Armour
 b - a +0 robe (worn)
 c - a +0 cloak (worn)
 p - a +0 pair of boots (worn)
 x - a +0 helmet (worn)
Jewellery
 h - an amulet of regeneration (around neck)
 o - a ring of resist corrosion (left hand)
 q - a ring of ice
Scrolls
 f - 2 scrolls of immolation {unknown}
 g - 2 scrolls of identify {unknown}
 i - a scroll of enchant armour {unknown}
 k - 2 scrolls of fear {unknown}
 s - 2 scrolls of enchant weapon {unknown}
 t - a scroll of fog {unknown}
 u - a scroll of vulnerability {unknown}
Potions
 j - 3 potions of haste {unknown}
 l - a potion of attraction {unknown}
 m - 2 potions of lignification {unknown}
 n - a potion of mutation {unknown}
 w - a potion of curing {unknown}


   Skills:
 + Level 2.1 Fighting
 * Level 2.5 Short Blades
 + Level 2.1 Throwing
 - Level 0.7 Dodging
 + Level 5.1 Stealth
 + Level 0.2 Spellcasting


You had 2 spell levels left.
You didn't know any spells.
Your spell library contained the following spells:

 Spells                   Type           Power      Damage    Failure   Level
 Sandblast                Erth           0%         2d4       34%         1
 Blink                    Tloc           0%         N/A       47%         2
 Lesser Beckoning         Tloc           0%         N/A       47%         2
 Momentum Strike          Conj/Tloc      0%         3d8       47%         2
 Passwall                 Tmut/Erth      0%         N/A       47%         2
 Stone Arrow              Conj/Erth      0%         3d7       71%         3


Dungeon Overview and Level Annotations

Branches:
Dungeon (2/15)

Altars:

Shops:
D:1 (

Annotations:
D:2 Jessica


Innate Abilities, Weirdness & Mutations

You have extremely sharp teeth.
When hurt, damage is shared between your health and your magic reserves.
Your bite disrupts and absorbs the magic of your enemies.
Potions cannot restore your health.


Message History

2 orcs come into view.
The goblin shouts!
The orc shouts!
You hear a shout!
Jessica opens the door.
An orc comes into view. It is wielding a +0 short sword.
Jessica shouts!
The orc shouts!
You closely miss the orc. Your bite misses the orc.
Jessica points at you and mumbles some strange words.
You feel yourself slow down. The orc barely misses you.
You closely miss the orc. Your bite misses the orc. The orc misses you.
You closely miss Jessica. You bite Jessica, but do no damage.
Jessica casts a spell at you. Pain shoots through your body!
The orc misses you.
An orc comes into view. It is wielding a +0 whip.
Jessica casts a spell at you. Pain shoots through your body!
Ouch! That really hurt!
* * * LOW HITPOINT WARNING * * *
Jessica gestures wildly while chanting.
Jessica seems to speed up.
The orc hits you with a +0 hand axe.
* * * LOW HITPOINT WARNING * * *
You hear a shout!
The orc attacks as you move away! The orc hits you with a +0 hand axe.
* * * LOW HITPOINT WARNING * * *
Okay, then.
You hit the orc.
The orc is heavily wounded.
Jessica gestures wildly while chanting.
Jessica blinks!
The orc hits you with a +0 hand axe.
* * * LOW HITPOINT WARNING * * *
The orc closely misses you.
You hit Jessica but do no damage. Your bite misses Jessica.
Jessica points at you and mumbles some strange words.
Pain shoots through your body!
* * * LOW HITPOINT WARNING * * *
Jessica barely misses you. The orc barely misses you.
You barely miss Jessica. Jessica closely misses you.
The orc hits you with a +0 hand axe.
* * * LOW HITPOINT WARNING * * *
Jessica hits you with a +0 club.
You die...

###.##########............#......
....##..........###########....#.
##.....############# #######
#..##..# .. ... ....... .......#
#. #.# #.# ##.#### .####..# #.
+.+ #.# +.+.)# ## #..# #. #.# #.#
#.#..# #
#..#.##'#.##+#.##+#.##+#.##'#
#..#.....ogo@@...............
#..#.##+#o##+#.##'#.##+#.##'#
#..# #. #.#..#.#..#.#..# ##..# +.
#.#..'.'..#.#..# ##..## #o
##.####.####.#### #..## o.
.....:........... ##.## ##
################# #..# #.##


You could see Jessica (fast), 3 orcs and a goblin.

Vanquished Creatures
  An adder (D:2)
  A worm (D:2)
  4 ball pythons
  4 bats
  An endoplasm (D:1)
  2 giant cockroaches (D:2)
  A goblin (D:1)
  2 hobgoblins (D:1)
  2 jackals (D:1)
  A quokka (D:1)
  2 frilled lizards (D:1)
  A kobold (D:2)
  6 rats
28 creatures vanquished.

Notes
Turn   | Place    | Note
-------+----------+-------------------------------------------
     0 | D:1      | mopl the Vine Stalker Brigand began the quest for the Orb.
     0 | D:1      | Reached XP level 1. HP: 11/11 MP: 2/2
    14 | D:1      | Found Fiywnaan's Antique Weapon Emporium.
   125 | D:1      | Reached skill level 2 in Short Blades
   133 | D:1      | Reached XP level 2. HP: 15/15 MP: 3/3
   155 | D:1      | Reached skill level 5 in Stealth
   331 | D:1      | Reached skill level 2 in Fighting
   331 | D:1      | Reached skill level 2 in Throwing
   964 | D:2      | Reached XP level 3. HP: 18/18 MP: 4/4
  1208 | D:2      | Noticed Jessica
  1221 | D:2      | Slain by Jessica

Illustrated notes

Levels and vault maps discovered:
D:1:      lemuel_arrival_hallway, layout_basic, serial_shops, nicolae_shop_trees
D:2:      minmay_door_path, layout_rooms, uniq_jessica

Skill      XL: |  1  2 |
---------------+-------+-----
Short Blades   | 2 |  2.5
Stealth        | 5 |  5.1
Fighting       | 2 |  2.1
Throwing       | 2 |  2.1
Dodging        | |  0.7
Spellcasting   | |  0.2

Action                     || total
---------------------------++-------
  Melee: Dagger            ||    71
         Bite              ||    17
         Punch             ||     1
   Stab: Sleeping          ||    12
 Armour: Robe              ||    17
  Dodge: Dodged            ||    34

Table legend: (Time is in decaauts)
 A = Elapsed time spent in this place.
 B = Non-inter-level travel time spent in this place.
 C = Inter-level travel time spent in this place.
 D = Time resting spent in this place.
 E = Time spent auto-exploring this place.
 F = Levels seen in this place.
 G = Mean time per level.
                   A        B        C        D        E       F      G
               +--------+--------+--------+--------+--------+-----+--------+
         Total |   1215 |   1131 |     84 |     17 |    861 |   2 |  607.5 |
       Dungeon |   1215 |   1131 |     84 |     17 |    861 |   2 |  607.5 |
               +--------+--------+--------+--------+--------+-----+--------+

Top non-repeatable levels by time:
     D:1: 850 daAuts
     D:2: 364 daAuts
